[Event "90th GER-ch 2019"]
[Site "Magdeburg"]
[Date "2019.05.30"]
[Round "6.6"]
[White "Svane, Frederik"]
[Black "Rosner, Jonas"]
[Result "1/2-1/2"]
[ECO "B13"]
[WhiteElo "2342"]
[BlackElo "2413"]
[Annotator "ChessBase"]
[PlyCount "78"]
[EventDate "2019.05.26"]
[EventType "tourn"]
[EventCountry "GER"]
[SourceTitle "playchess.com"]
[Source "ChessBase"]
[SourceQuality "1"]
[TimeControl "40/5400+30:1800+30"]

1. e4 c6 2. d4 d5 3. exd5 cxd5 4. Bd3 Nc6 5. c3 Qc7 6. Ne2 Bg4 7. O-O Nf6 8. Qe1 e6 9. f3 Bh5 10. Qh4 h6 11. Qh3 e5 12. Re1 Be7 13. b4 a6 14. Qg3 O-O-O 15. Bf5+ Kb8 16. dxe5 Nxe5 17. Qxe5 Qxe5 18. Bf4 Qxf4 19. Nxf4 Bd6 20. Ne2 Rhe8 21. Nd2 d4 22. Nc4 d3 23. Ng3 Rxe1+ 24. Rxe1 Bg6 25. Bxg6 fxg6 26. Nxd6 Rxd6 27. Rd1 Kc7 28. Ne4 Nxe4 29. fxe4 Kc6 30. a4 b5 31. a5 d2 32. Kf2 Rd3 33. Ke2 Rxc3 34. Rxd2 Rc4 35. Ke3 Rxb4 36. e5 Rb3+ 37. Ke4 Rb4+ 38. Ke3 Rb3+ 39. Ke4 Rb4+ 1/2-1/2

[Event "90th GER-ch 2019"]
[Site "Magdeburg"]
[Date "2019.05.30"]
[Round "6.7"]
[White "Becker, Marcel"]
[Black "Paul, Johannes"]
[Result "1/2-1/2"]
[ECO "E90"]
[WhiteElo "2308"]
[BlackElo "2364"]
[Annotator "ChessBase"]
[PlyCount "105"]
[EventDate "2019.05.26"]
[EventType "tourn"]
[EventCountry "GER"]
[SourceTitle "playchess.com"]
[Source "ChessBase"]
[SourceQuality "1"]
[TimeControl "40/5400+30:1800+30"]

1. d4 Nf6 2. c4 g6 3. Nc3 Bg7 4. e4 d6 5. Nf3 O-O 6. h3 e5 7. d5 Nh5 8. g3 Na6 9. Be2 Nc5 10. Bg5 f6 11. Be3 f5 12. exf5 gxf5 13. Nd2 Nf6 14. Qc2 Na6 15. a3 c6 16. O-O-O Nc7 17. Bg5 cxd5 18. cxd5 Bd7 19. Nc4 Nb5 20. Nxb5 Bxb5 21. Kb1 Rc8 22. Qb3 Ba6 23. Rhe1 Qd7 24. Bxf6 Bxf6 25. Ne3 e4 26. g4 f4 27. Nf5 Rc5 28. Bxa6 bxa6 29. Rxe4 a5 30. Nd4 a4 31. Qf3 Rb8 32. Re2 Be5 33. Nc6 Rxb2+ 34. Rxb2 Bxb2 35. Kxb2 Qb7+ 36. Nb4 a5 37. Rd4 axb4 38. Rxb4 Qg7+ 39. Kb1 Qe5 40. Qe4 Rxd5 41. Qxe5 dxe5 42. Kc2 Kg7 43. Rxa4 h5 44. gxh5 Kh6 45. Ra8 Kxh5 46. a4 e4 47. Re8 Rd4 48. a5 Ra4 49. Re5+ Kh4 50. Kb3 Ra1 51. Kb4 Kxh3 52. Rxe4 f3 53. Kb5 1/2-1/2

[Event "90th GER-ch 2019"]
[Site "Magdeburg"]
[Date "2019.05.30"]
[Round "6.8"]
[White "Schulz, Karsten"]
[Black "Engel, Luis"]
[Result "1/2-1/2"]
[ECO "A13"]
[WhiteElo "2227"]
[BlackElo "2512"]
[Annotator "ChessBase"]
[PlyCount "85"]
[EventDate "2019.05.26"]
[EventType "tourn"]
[EventCountry "GER"]
[SourceTitle "playchess.com"]
[Source "ChessBase"]
[SourceQuality "1"]
[TimeControl "40/5400+30:1800+30"]

1. Nf3 d5 2. c4 e6 3. g3 dxc4 4. Qa4+ Nd7 5. Bg2 a6 6. Qxc4 b5 7. Qc2 Bb7 8. O-O Ngf6 9. b3 Bd6 10. Bb2 O-O 11. d3 c5 12. Nbd2 Rc8 13. Rac1 Qb6 14. Qb1 e5 15. e3 Rfe8 16. Rfd1 Nf8 17. Re1 Ng6 18. Red1 h6 19. Re1 Qa7 20. Qc2 Qa8 21. Qd1 Bf8 22. Qe2 Rcd8 23. Red1 Rd7 24. Bh3 Rd5 25. Bg2 Red8 26. Ne1 R5d7 27. Ndf3 e4 28. dxe4 Nxe4 29. Rxd7 Rxd7 30. Rd1 Qd8 31. Rxd7 Qxd7 32. Qc2 Qd5 33. Nd2 f5 34. Nef3 Bd6 35. Nxe4 Qxe4 36. Qd1 Qe7 37. h4 Qc7 38. h5 Ne7 39. Nh4 Bxg2 40. Nxg2 Be5 41. Bxe5 Qxe5 42. Nf4 Qc7 43. Nd5 1/2-1/2

[Event "90th GER-ch 2019"]
[Site "Magdeburg"]
[Date "2019.05.30"]
[Round "6.9"]
[White "Polster, Christian"]
[Black "Maetzkow, Maximilian Paul"]
[Result "0-1"]
[ECO "C11"]
[WhiteElo "2236"]
[BlackElo "2338"]
[Annotator "ChessBase"]
[PlyCount "82"]
[EventDate "2019.05.26"]
[EventType "tourn"]
[EventCountry "GER"]
[SourceTitle "playchess.com"]
[Source "ChessBase"]
[SourceQuality "1"]
[TimeControl "40/5400+30:1800+30"]

1. Nc3 e6 2. e4 d5 3. d4 Nf6 4. exd5 exd5 5. Bd3 Bd6 6. Bg5 c6 7. Nge2 O-O 8. Qd2 Nbd7 9. O-O-O b5 10. Ng3 Nb6 11. Nh5 Be7 12. Rde1 Be6 13. Nf4 Ne8 14. h4 Nc7 15. Qd1 g6 16. Bh6 Nc4 17. Bxf8 Qxf8 18. Bxc4 bxc4 19. Na4 Rb8 20. c3 Bd6 21. Nxe6 Nxe6 22. g3 Qd8 23. b3 cxb3 24. axb3 Qa5 25. Kc2 Qb5 26. Qb1 c5 27. dxc5 Bxc5 28. Rhf1 d4 29. c4 d3+ 30. Kd2 Qa5+ 31. Nc3 Nd4 32. Kxd3 Rxb3 33. Re8+ Kg7 34. Qa1 Ra3 35. Qb2 Bb4 36. Rc1 Ne6 37. Ke2 Bxc3 38. Qb8 Ra2+ 39. Kf1 Qc5 40. Rg8+ Kh6 41. Qf8+ Nxf8 0-1

[Event "90th GER-ch 2019"]
[Site "Magdeburg"]
[Date "2019.05.30"]
[Round "6.10"]
[White "Wachinger, Nikolas"]
[Black "Lubbe, Nikolas"]
[Result "0-1"]
[ECO "B31"]
[WhiteElo "2311"]
[BlackElo "2431"]
[Annotator "ChessBase"]
[PlyCount "110"]
[EventDate "2019.05.26"]
[EventType "tourn"]
[EventCountry "GER"]
[SourceTitle "playchess.com"]
[Source "ChessBase"]
[SourceQuality "1"]
[TimeControl "40/5400+30:1800+30"]

1. e4 c5 2. Nf3 Nc6 3. Bb5 g6 4. Bxc6 dxc6 5. d3 Bg7 6. h3 Nf6 7. Nc3 Nd7 8. Be3 e5 9. O-O b6 10. Qd2 h6 11. a3 Nf8 12. b4 cxb4 13. axb4 Ne6 14. Ne2 f5 15. Qc3 f4 16. Qxc6+ Bd7 17. Qd5 fxe3 18. Nxe5 Bxe5 19. Qxe5 exf2+ 20. Rxf2 Rf8 21. Raf1 Rxf2 22. Rxf2 Qe7 23. Nc3 O-O-O 24. Nd5 Qe8 25. Qd6 Kb7 26. Nf6 Qf7 27. Nd5 Qg7 28. Rf6 Bc8 29. Qe5 Re8 30. b5 Qd7 31. c4 h5 32. h4 Qg7 33. Qg3 Rf8 34. e5 g5 35. hxg5 Rxf6 36. exf6 Qxg5 37. Qd6 Qc1+ 38. Kh2 Qg5 39. Kg1 Qc1+ 40. Kh2 Qg5 41. Qg3 Qf5 42. Kg1 h4 43. Qd6 Qxd3 44. f7 Qd4+ 45. Kh2 Qc5 46. Qe5 Qxc4 47. Nf4 Nf8 48. Qe7+ Bd7 49. Qxf8 Qxf4+ 50. Kh1 Qc1+ 51. Kh2 Qc7+ 52. Kg1 Be6 53. Qe8 Bxf7 54. Qe4+ Kb8 55. Qxh4 Bc4 0-1

[Event "90th GER-ch 2019"]
[Site "Magdeburg"]
[Date "2019.05.30"]
[Round "6.11"]
[White "Schulz, Lukas"]
[Black "Kardoeus, David"]
[Result "1-0"]
[ECO "C37"]
[WhiteElo "2302"]
[BlackElo "2202"]
[Annotator "ChessBase"]
[PlyCount "83"]
[EventDate "2019.05.26"]
[EventType "tourn"]
[EventCountry "GER"]
[SourceTitle "playchess.com"]
[Source "ChessBase"]
[SourceQuality "1"]
[TimeControl "40/5400+30:1800+30"]

1. e4 e5 2. f4 exf4 3. Nf3 g5 4. Nc3 Bg7 5. d4 d6 6. g3 g4 7. Nh4 f3 8. Be3 c6 9. Qd2 Na6 10. O-O-O Nc7 11. h3 h5 12. Re1 Ne7 13. Bd3 b5 14. Nf5 Bxf5 15. exf5 d5 16. hxg4 hxg4 17. Rxh8+ Bxh8 18. Bg5 f6 19. Bf4 Kf8 20. Nd1 Kf7 21. Qh2 Bg7 22. Nf2 Qd7 23. Qh5+ Kf8 24. Nxg4 Ng8 25. Bd2 a5 26. Nf2 Re8 27. Bxa5 Bh6+ 28. Kd1 Qd6 29. Qxf3 b4 30. Bb6 Rxe1+ 31. Kxe1 Kg7 32. Bc5 Qd8 33. Qg4+ Bg5 34. Nh3 Qe8+ 35. Qe2 Qa8 36. Nxg5 fxg5 37. f6+ Nxf6 38. Qe7+ Kh6 39. Qxf6+ Kh5 40. Kf2 Qxa2 41. Bg6+ Kh6 42. Bf8# 1-0

[Event "90th GER-ch 2019"]
[Site "Magdeburg"]
[Date "2019.05.30"]
[Round "6.12"]
[White "Moeller, Dustin"]
[Black "Trifan, Andrei Ioan"]
[Result "1/2-1/2"]
[ECO "E97"]
[WhiteElo "2156"]
[BlackElo "2268"]
[Annotator "ChessBase"]
[PlyCount "120"]
[EventDate "2019.05.26"]
[EventType "tourn"]
[EventCountry "GER"]
[SourceTitle "playchess.com"]
[Source "ChessBase"]
[SourceQuality "1"]
[TimeControl "40/5400+30:1800+30"]

1. d4 Nf6 2. c4 g6 3. Nc3 Bg7 4. e4 d6 5. Be2 O-O 6. Nf3 e5 7. O-O Nc6 8. d5 Ne7 9. Nd2 Ne8 10. b4 f5 11. c5 Nf6 12. f3 f4 13. Nc4 g5 14. a4 Ng6 15. Ba3 Rf7 16. b5 dxc5 17. Bxc5 h5 18. a5 g4 19. b6 g3 20. Kh1 Bf8 21. d6 cxb6 22. axb6 Ne8 23. bxa7 Qh4 24. Bg1 Bh3 25. gxh3 Rg7 26. Re1 g2+ 27. Kxg2 Qg5+ 28. Kf2 Qh4+ 29. Kg2 Qg5+ 30. Kf2 Ne7 31. Bf1 Qxg1+ 32. Ke2 Nc6 33. Nb5 Nf6 34. Qb3 Kh8 35. Kd1 Nd4 36. Nxd4 Qxd4+ 37. Kc2 Rxa7 38. Rad1 Qc5 39. Qb6 Qxb6 40. Nxb6 Nd7 41. Nxd7 Rxd7 42. Bb5 Rxd6 43. Rxd6 Bxd6 44. Rd1 Bc5 45. Rd8+ Kg7 46. Bc4 b6 47. Rg8+ Kf6 48. h4 Ra3 49. Bb3 Ra1 50. Rg5 Bd4 51. Rf5+ Kg7 52. Rg5+ Kf6 53. Rf5+ Ke7 54. Bf7 Rh1 55. Bxh5 Rxh2+ 56. Kb3 Rxh4 57. Kc4 Kd6 58. Rf6+ Kc7 59. Rf7+ Kc6 60. Rh7 Kd6 1/2-1/2

[Event "90th GER-ch 2019"]
[Site "Magdeburg"]
[Date "2019.05.30"]
[Round "6.13"]
[White "Heimrath, Reiner"]
[Black "Krastev, Alexander"]
[Result "0-1"]
[ECO "C55"]
[WhiteElo "2239"]
[BlackElo "2344"]
[Annotator "ChessBase"]
[PlyCount "124"]
[EventDate "2019.05.26"]
[EventType "tourn"]
[EventCountry "GER"]
[SourceTitle "playchess.com"]
[Source "ChessBase"]
[SourceQuality "1"]
[TimeControl "40/5400+30:1800+30"]

1. e4 e5 2. Nf3 Nc6 3. Bc4 Nf6 4. d3 Be7 5. Bb3 O-O 6. c3 d5 7. Qe2 Be6 8. Nbd2 h6 9. Nf1 a5 10. Ba4 Bd6 11. h3 Rb8 12. g4 b5 13. Bc2 Bc5 14. Ne3 d4 15. Nf5 Re8 16. Rg1 Bxf5 17. gxf5 Kh8 18. Bb3 Qd7 19. c4 a4 20. cxb5 axb3 21. bxc6 Qxc6 22. a3 Qa6 23. Kf1 Bb4 24. Kg2 Rb6 25. Kh1 Rc6 26. Bxh6 Bf8 27. Bd2 Rc2 28. Rab1 Kg8 29. Ne1 Nxe4 30. Nxc2 bxc2 31. Rbc1 Qxd3 32. Qxd3 Nxf2+ 33. Kg2 Nxd3 34. Rxc2 c5 35. f6 g6 36. Bg5 e4 37. Rd1 Rb8 38. Re2 c4 39. b4 cxb3 40. Rxe4 Nc5 41. Rexd4 Ne6 42. Rd5 Bxa3 43. Be3 Bb2 44. Rd6 Bxf6 45. Rb6 Rxb6 46. Bxb6 b2 47. Be3 Kg7 48. Rb1 Bc3 49. Kf3 f5 50. Ke2 Kf6 51. Kd3 Be5 52. Kc2 f4 53. Bd2 Kf5 54. Bc3 Bxc3 55. Kxc3 Ng5 56. h4 Nf3 57. h5 gxh5 58. Rxb2 h4 59. Rb8 h3 60. Kd3 h2 61. Rh8 Kg4 62. Ke2 Nh4 0-1

[Event "90th GER-ch 2019"]
[Site "Magdeburg"]
[Date "2019.05.30"]
[Round "6.14"]
[White "Adiyaman, Rene"]
[Black "Guenther, Andreas"]
[Result "1-0"]
[ECO "B01"]
[WhiteElo "2175"]
[BlackElo "2121"]
[Annotator "ChessBase"]
[PlyCount "115"]
[EventDate "2019.05.26"]
[EventType "tourn"]
[EventCountry "GER"]
[SourceTitle "playchess.com"]
[Source "ChessBase"]
[SourceQuality "1"]
[TimeControl "40/5400+30:1800+30"]

1. e4 d5 2. exd5 Qxd5 3. Nc3 Qa5 4. Bc4 Nf6 5. Nf3 Nc6 6. O-O Bg4 7. Re1 e6 8. h3 Bh5 9. Bb5 O-O-O 10. Bxc6 bxc6 11. Qe2 Bd6 12. a3 Rhe8 13. Rb1 Qf5 14. b4 g5 15. Ne4 Nxe4 16. Qxe4 Qxe4 17. Rxe4 Bxf3 18. gxf3 Bf4 19. d3 Bxc1 20. Rxc1 Rd5 21. Rce1 Kd7 22. f4 Rg8 23. Kh2 Rg6 24. Kg3 gxf4+ 25. Kxf4 Rh5 26. Rh1 c5 27. h4 cxb4 28. axb4 a5 29. c3 axb4 30. cxb4 Rd5 31. Ke3 e5 32. Rc4 Rgd6 33. Rd1 Rd4 34. Rd2 h5 35. f3 c6 36. Ke2 Ke6 37. Rdc2 Rxd3 38. Rxc6 Rb3 39. R6c4 Rdd3 40. Rc6+ Kf5 41. Rh6 Re3+ 42. Kd2 Rxf3 43. Rxh5+ Kf4 44. Ke2 Rh3 45. Kf1 e4 46. Rc7 Rhf3+ 47. Kg2 Rb2+ 48. Kg1 Rg3+ 49. Kh1 f6 50. b5 Kg4 51. Rhc5 Rd3 52. Rg7+ Kh3 53. Rc1 e3 54. b6 Rxb6 55. Rcg1 Rb2 56. R7g3+ Kxh4 57. Rg4+ Kh5 58. Rg8 1-0

[Event "90th GER-ch 2019"]
[Site "Magdeburg"]
[Date "2019.05.30"]
[Round "6.16"]
[White "Dauth, Benjamin"]
[Black "Bastian, Herbert"]
[Result "0-1"]
[ECO "B00"]
[WhiteElo "2295"]
[BlackElo "2297"]
[Annotator "ChessBase"]
[PlyCount "100"]
[EventDate "2019.05.26"]
[EventType "tourn"]
[EventCountry "GER"]
[SourceTitle "playchess.com"]
[Source "ChessBase"]
[SourceQuality "1"]
[TimeControl "40/5400+30:1800+30"]

1. e4 d6 2. d4 Nf6 3. Bd3 e5 4. Ne2 g6 5. O-O Bg7 6. c3 O-O 7. h3 Nc6 8. Bg5 h6 9. Be3 d5 10. f3 Re8 11. Nd2 b6 12. Bb5 Bb7 13. dxe5 Rxe5 14. f4 Re7 15. e5 Nh7 16. Qa4 Nb8 17. Nf3 c6 18. Bd3 Nd7 19. b4 Nhf8 20. Bf2 Re8 21. Qc2 c5 22. bxc5 bxc5 23. Rab1 Bc6 24. c4 d4 25. Nd2 g5 26. fxg5 Nxe5 27. gxh6 Bxh6 28. Ng3 Nxd3 29. Qxd3 Qg5 30. Nde4 Rxe4 31. Nxe4 Qg6 32. Rfe1 Re8 33. Nf6+ Qxf6 34. Rxe8 Bxe8 35. Rb7 Bc6 36. Rxa7 Qg5 37. Qf1 d3 38. Be1 Qg6 39. Ra3 d2 40. Bxd2 Bxd2 41. Qf2 Bf4 42. Rb3 Ne6 43. Kh1 Qe4 44. Rb6 Nd4 45. a4 Bxa4 46. Qh4 Bc6 47. Rb2 Ne6 48. Qg4+ Kf8 49. Qh4 Be5 50. Qh6+ Ke7 0-1

[Event "90th GER-ch 2019"]
[Site "Magdeburg"]
[Date "2019.05.30"]
[Round "7.4"]
[White "Winterberg, Lukas"]
[Black "Lubbe, Nikolas"]
[Result "0-1"]
[ECO "A41"]
[WhiteElo "2376"]
[BlackElo "2431"]
[Annotator "ChessBase"]
[PlyCount "112"]
[EventDate "2019.05.26"]
[EventType "tourn"]
[EventCountry "GER"]
[SourceTitle "playchess.com"]
[Source "ChessBase"]
[SourceQuality "1"]
[TimeControl "40/5400+30:1800+30"]

1. d4 d6 2. Nf3 Nf6 3. c4 g6 4. Nc3 Bf5 5. Nh4 Bd7 6. g3 Bg7 7. Bg2 Nc6 8. O-O O-O 9. h3 a6 10. Be3 Rb8 11. c5 dxc5 12. dxc5 Qc8 13. Kh2 Ne5 14. Qc1 Bc6 15. Bxc6 bxc6 16. b3 Rd8 17. Qc2 Qe6 18. Kg2 Nd5 19. Nxd5 cxd5 20. Bd4 f6 21. Rad1 Nf7 22. Nf3 Qc6 23. Bb2 e5 24. Nd2 Rb5 25. Rc1 Bf8 26. Qd3 f5 27. f3 Bg7 28. a4 Rbb8 29. Qc2 d4 30. Qc4 a5 31. Ba3 Bh6 32. Rc2 d3 33. exd3 Rd4 34. Qc3 Qd5 35. Qxa5 Rxd3 36. Qxc7 Rd8 37. Nc4 Rd7 38. Qb8+ Rd8 39. Qb4 e4 40. f4 Bf8 41. Re2 h5 42. h4 Be7 43. Re3 Kh7 44. Rfe1 Nh6 45. Rxd3 exd3+ 46. Kh3 Ng4 47. Qd2 Bxc5 48. Bxc5 Qxc5 49. Ne5 Nf2+ 50. Kg2 Ne4 51. b4 Qxe5 52. Qxd3 Qc7 53. Qe3 Qc4 54. Rc1 Qa2+ 55. Kg1 Rd2 56. Kf1 Rh2 0-1

[Event "90th GER-ch 2019"]
[Site "Magdeburg"]
[Date "2019.05.30"]
[Round "7.6"]
[White "Krassowizkij, Jaroslaw"]
[Black "Becker, Marcel"]
[Result "1-0"]
[ECO "B18"]
[WhiteElo "2450"]
[BlackElo "2308"]
[Annotator "ChessBase"]
[PlyCount "87"]
[EventDate "2019.05.26"]
[EventType "tourn"]
[EventCountry "GER"]
[SourceTitle "playchess.com"]
[Source "ChessBase"]
[SourceQuality "1"]
[TimeControl "40/5400+30:1800+30"]

1. e4 c6 2. d4 d5 3. Nd2 dxe4 4. Nxe4 Bf5 5. Ng3 Bg6 6. h4 h6 7. Nf3 e6 8. h5 Bh7 9. Bd3 Bxd3 10. Qxd3 Nf6 11. Bd2 c5 12. Ne4 Nxe4 13. Qxe4 Nc6 14. Bc3 c4 15. Ne5 Qd5 16. Qg4 b5 17. Nxc6 Qxc6 18. d5 Qxd5 19. Rd1 Qc6 20. O-O Rg8 21. a4 b4 22. Be5 Be7 23. Rd4 Rc8 24. Rfd1 g6 25. Rd7 Qxd7 26. Rxd7 Kxd7 27. Qd4+ Ke8 28. Qxa7 f6 29. Bc7 b3 30. cxb3 cxb3 31. Qb7 Kf7 32. Bd6 Rce8 33. a5 Kf8 34. hxg6 Rg7 35. Bxe7+ Rgxe7 36. Qxb3 Kg7 37. Qa4 Rb8 38. b4 Reb7 39. a6 Rxb4 40. a7 Rb1+ 41. Kh2 Kxg6 42. Qe4+ Kg7 43. axb8=R Rxb8 44. Qxe6 1-0

[Event "90th GER-ch 2019"]
[Site "Magdeburg"]
[Date "2019.05.30"]
[Round "7.7"]
[White "Rosner, Jonas"]
[Black "Maetzkow, Maximilian Paul"]
[Result "1-0"]
[ECO "B90"]
[WhiteElo "2413"]
[BlackElo "2338"]
[Annotator "ChessBase"]
[PlyCount "37"]
[EventDate "2019.05.26"]
[EventType "tourn"]
[EventCountry "GER"]
[SourceTitle "playchess.com"]
[Source "ChessBase"]
[SourceQuality "1"]
[TimeControl "40/5400+30:1800+30"]

1. e4 c5 2. Nf3 d6 3. d4 cxd4 4. Nxd4 Nf6 5. Nc3 a6 6. f3 e5 7. Nb3 Be6 8. Be3 Be7 9. Qd2 O-O 10. O-O-O a5 11. a4 Nc6 12. g4 Rc8 13. Kb1 Nb4 14. g5 Nh5 15. Rg1 f5 16. gxf6 Nxf6 17. Nc5 Ba2+ 18. Nxa2 dxc5 19. Bc4+ 1-0

[Event "90th GER-ch 2019"]
[Site "Magdeburg"]
[Date "2019.05.30"]
[Round "7.8"]
[White "Engel, Luis"]
[Black "Pajeken, Jakob Leon"]
[Result "1-0"]
[ECO "C77"]
[WhiteElo "2512"]
[BlackElo "2359"]
[Annotator "ChessBase"]
[PlyCount "65"]
[EventDate "2019.05.26"]
[EventType "tourn"]
[EventCountry "GER"]
[SourceTitle "playchess.com"]
[Source "ChessBase"]
[SourceQuality "1"]
[TimeControl "40/5400+30:1800+30"]

1. e4 e5 2. Nf3 Nc6 3. Bb5 a6 4. Ba4 Nf6 5. d3 d6 6. c3 g6 7. O-O Bg7 8. Re1 O-O 9. Nbd2 Bd7 10. Nf1 h6 11. Ng3 Kh7 12. h3 Qe7 13. d4 b5 14. Bc2 Ng8 15. Be3 Rad8 16. dxe5 dxe5 17. b4 Be6 18. Qc1 Rfe8 19. Nf5 gxf5 20. exf5 Kh8 21. Bc5 Qf6 22. fxe6 Qxe6 23. a4 f5 24. axb5 axb5 25. Ra6 e4 26. Nd4 Bxd4 27. Bxd4+ Kh7 28. Qf4 Qd7 29. Rxc6 Qxc6 30. Rxe4 Rf8 31. Re5 Rxd4 32. Qxd4 Qg6 33. g4 1-0

[Event "90th GER-ch 2019"]
[Site "Magdeburg"]
[Date "2019.05.30"]
[Round "7.9"]
[White "Paul, Johannes"]
[Black "Schulz, Karsten"]
[Result "1/2-1/2"]
[ECO "E70"]
[WhiteElo "2364"]
[BlackElo "2227"]
[Annotator "ChessBase"]
[PlyCount "166"]
[EventDate "2019.05.26"]
[EventType "tourn"]
[EventCountry "GER"]
[SourceTitle "playchess.com"]
[Source "ChessBase"]
[SourceQuality "1"]
[TimeControl "40/5400+30:1800+30"]

1. d4 Nf6 2. c4 g6 3. Nc3 Bg7 4. e4 O-O 5. Be2 c6 6. Nf3 d5 7. e5 Ne4 8. O-O Nxc3 9. bxc3 Nd7 10. cxd5 cxd5 11. Bf4 Nb6 12. Qd2 Bg4 13. h3 Bxf3 14. Bxf3 e6 15. a4 Nc4 16. Qa2 Rc8 17. Rab1 Qd7 18. Rfc1 Rc6 19. Rb5 Rfc8 20. Rcb1 b6 21. Be2 Bf8 22. Bxc4 Rxc4 23. Bd2 Be7 24. a5 bxa5 25. Rxa5 R4c7 26. Rab5 Bd8 27. R1b3 Kg7 28. Qa1 Qe7 29. Bc1 Qh4 30. Rb7 Rxb7 31. Rxb7 Bb6 32. Bd2 Qd8 33. Qc1 Rc7 34. Bg5 Rxb7 35. Bxd8 Bxd8 36. g4 g5 37. Kg2 h6 38. Qa3 Be7 39. Qa6 Rc7 40. Qa5 Rb7 41. Kf3 Bf8 42. Qa2 Be7 43. Ke3 Bf8 44. Kd3 Be7 45. Kc2 Bf8 46. Qa6 Rc7 47. Kd3 Kg8 48. Qb5 Kg7 49. Qb8 Rd7 50. Qc8 Re7 51. Kc2 Kg8 52. Kb3 Kg7 53. Ka4 Kg8 54. Kb5 Kg7 55. Kc6 Kg8 56. Qa6 Kg7 57. Qf1 Re8 58. Kb7 Re7+ 59. Kb8 Kg8 60. Qb5 Kg7 61. Kc8 Kg8 62. Kd8 Kg7 63. h4 Kg6 64. Qd3+ Kg7 65. hxg5 hxg5 66. Qe3 f6 67. exf6+ Kxf6 68. Qe5+ Kg6 69. Qh8 Kf7 70. Qh7+ Kf6 71. Qg8 Bh6 72. f4 Rf7 73. fxg5+ Bxg5 74. Qh8+ Kg6+ 75. Ke8 Re7+ 76. Kf8 Rf7+ 77. Kg8 Bh6 78. Qxh6+ Kxh6 79. Kxf7 a5 80. Kf6 Kh7 81. Kf7 Kh6 82. Kf6 Kh7 83. Kf7 Kh6 1/2-1/2

[Event "90th GER-ch 2019"]
[Site "Magdeburg"]
[Date "2019.05.30"]
[Round "7.10"]
[White "Krastev, Alexander"]
[Black "Schulz, Lukas"]
[Result "1-0"]
[ECO "B30"]
[WhiteElo "2344"]
[BlackElo "2302"]
[Annotator "ChessBase"]
[PlyCount "75"]
[EventDate "2019.05.26"]
[EventType "tourn"]
[EventCountry "GER"]
[SourceTitle "playchess.com"]
[Source "ChessBase"]
[SourceQuality "1"]
[TimeControl "40/5400+30:1800+30"]

1. e4 c5 2. Nf3 Nc6 3. Bb5 d6 4. O-O Bd7 5. Re1 Nf6 6. c3 a6 7. Bf1 Bg4 8. d3 e5 9. h3 Bh5 10. Nbd2 Be7 11. a4 O-O 12. g4 Bg6 13. Bg2 d5 14. g5 Nxe4 15. dxe4 dxe4 16. Nh4 e3 17. fxe3 Bd3 18. Ne4 h6 19. Nf2 hxg5 20. Qxd3 gxh4 21. Bxc6 bxc6 22. Qxd8 Rfxd8 23. e4 Rab8 24. Re2 g6 25. Be3 f5 26. Rd1 Rxd1+ 27. Nxd1 Kf7 28. Bc1 Ke6 29. Kg2 Rd8 30. Nf2 c4 31. Re1 Rf8 32. Nd1 f4 33. Kf3 Bc5 34. Re2 Kd7 35. Bd2 Kc7 36. Be1 Be7 37. Rd2 Re8 38. Nf2 1-0

[Event "90th GER-ch 2019"]
[Site "Magdeburg"]
[Date "2019.05.30"]
[Round "7.11"]
[White "Gungl, Theo"]
[Black "Moeller, Dustin"]
[Result "1/2-1/2"]
[ECO "B13"]
[WhiteElo "2331"]
[BlackElo "2156"]
[Annotator "ChessBase"]
[PlyCount "71"]
[EventDate "2019.05.26"]
[EventType "tourn"]
[EventCountry "GER"]
[SourceTitle "playchess.com"]
[Source "ChessBase"]
[SourceQuality "1"]
[TimeControl "40/5400+30:1800+30"]

1. e4 c6 2. d4 d5 3. exd5 cxd5 4. Bd3 Nc6 5. c3 Nf6 6. Bf4 Bg4 7. Qb3 e5 8. dxe5 Nh5 9. Be3 Nxe5 10. Bb5+ Nc6 11. Nd2 Be7 12. Ngf3 O-O 13. O-O a6 14. Be2 b5 15. h3 Be6 16. Qd1 Nf6 17. Nd4 Nxd4 18. Bxd4 Ne4 19. Re1 b4 20. Bd3 bxc3 21. Nxe4 dxe4 22. Bxe4 cxb2 23. Bxb2 Qxd1 24. Rexd1 Rab8 25. Be5 Rbd8 26. Bb7 Rxd1+ 27. Rxd1 Bxa2 28. Bxa6 Rd8 29. Rxd8+ Bxd8 30. Bd4 Be7 31. Be3 Bd6 32. Bd3 Be6 33. Bd4 Bd5 34. Be3 Be6 35. Bd4 Bd5 36. Be3 1/2-1/2

[Event "90th GER-ch 2019"]
[Site "Magdeburg"]
[Date "2019.05.30"]
[Round "7.12"]
[White "Trifan, Andrei Ioan"]
[Black "Polster, Christian"]
[Result "1-0"]
[ECO "B94"]
[WhiteElo "2268"]
[BlackElo "2236"]
[Annotator "ChessBase"]
[PlyCount "53"]
[EventDate "2019.05.26"]
[EventType "tourn"]
[EventCountry "GER"]
[SourceTitle "playchess.com"]
[Source "ChessBase"]
[SourceQuality "1"]
[TimeControl "40/5400+30:1800+30"]

1. e4 c5 2. Nf3 d6 3. d4 cxd4 4. Nxd4 Nf6 5. Nc3 a6 6. Bg5 Nbd7 7. Qe2 h6 8. Bh4 g6 9. f4 e5 10. fxe5 dxe5 11. O-O-O Qc7 12. Nb3 b5 13. Nd5 Nxd5 14. exd5 Bd6 15. g4 Kf8 16. Nd2 Kg7 17. Ne4 Rf8 18. Bg2 f5 19. gxf5 gxf5 20. Rhg1 fxe4 21. Bxe4+ Kh8 22. Qh5 Nf6 23. Qxh6+ Nh7 24. Bxh7 Qxh7 25. Bf6+ Rxf6 26. Qxf6+ Qg7 27. Qxg7# 1-0

[Event "90th GER-ch 2019"]
[Site "Magdeburg"]
[Date "2019.05.30"]
[Round "7.13"]
[White "Kardoeus, David"]
[Black "Wachinger, Nikolas"]
[Result "1/2-1/2"]
[ECO "B94"]
[WhiteElo "2202"]
[BlackElo "2311"]
[Annotator "ChessBase"]
[PlyCount "118"]
[EventDate "2019.05.26"]
[EventType "tourn"]
[EventCountry "GER"]
[SourceTitle "playchess.com"]
[Source "ChessBase"]
[SourceQuality "1"]
[TimeControl "40/5400+30:1800+30"]

1. e4 c5 2. Nf3 d6 3. d4 cxd4 4. Nxd4 Nf6 5. Nc3 a6 6. Bg5 Nbd7 7. Qe2 h6 8. Bh4 g6 9. f4 e5 10. fxe5 dxe5 11. O-O-O Qc7 12. Nb3 b5 13. Rxd7 Nxd7 14. Nd5 Qb8 15. Na5 Bb7 16. Nf6+ Nxf6 17. Bxf6 Qc7 18. Nxb7 Rh7 19. a4 bxa4 20. Qc4 Qxb7 21. Qxa4+ Qd7 22. Qxd7+ Kxd7 23. Bc4 Bd6 24. Rd1 Kc7 25. h4 Re8 26. c3 a5 27. Kc2 Kc6 28. Ra1 Bc7 29. Rd1 h5 30. Bb3 Re6 31. Bxe6 fxe6 32. Kb3 Rf7 33. Bg5 Rf2 34. Rd2 Rf1 35. Re2 Kb5 36. c4+ Kc5 37. Kc3 Kc6 38. b4 axb4+ 39. Kxb4 Rb1+ 40. Kc3 Ba5+ 41. Kc2 Rf1 42. Be3 Be1 43. Kb3 Bxh4 44. Ra2 Re1 45. Ra6+ Kb7 46. Ra7+ Kb8 47. Bc5 Rxe4 48. Kb4 Re2 49. Kb5 Bd8 50. Kc6 Rb2 51. Rg7 Kc8 52. Rg8 Rxg2 53. Bb6 Rd2 54. Bxd8 Rxd8 55. Rxg6 Rh8 56. Rg3 h4 57. Ra3 Kb8 58. Rb3+ Kc8 59. Ra3 Kb8 1/2-1/2

[Event "90th GER-ch 2019"]
[Site "Magdeburg"]
[Date "2019.05.30"]
[Round "7.14"]
[White "Bastian, Herbert"]
[Black "Adiyaman, Rene"]
[Result "1-0"]
[ECO "C54"]
[WhiteElo "2297"]
[BlackElo "2175"]
[Annotator "ChessBase"]
[PlyCount "85"]
[EventDate "2019.05.26"]
[EventType "tourn"]
[EventCountry "GER"]
[SourceTitle "playchess.com"]
[Source "ChessBase"]
[SourceQuality "1"]
[TimeControl "40/5400+30:1800+30"]

1. e4 e5 2. Nf3 Nc6 3. Bc4 Bc5 4. c3 Nf6 5. d3 O-O 6. O-O d5 7. exd5 Nxd5 8. Re1 Re8 9. d4 Nb6 10. Bxf7+ Kxf7 11. Ng5+ Kg8 12. Qc2 e4 13. dxc5 Nc4 14. Na3 Qd5 15. Nb5 Re7 16. b3 N4e5 17. c4 Qd3 18. Qxd3 exd3 19. f4 a6 20. Nc3 Ng6 21. Bd2 h6 22. Nge4 Bf5 23. Ng3 Nd4 24. Rxe7 Nxe7 25. Re1 Kf7 26. Nxf5 Nexf5 27. Kf2 Ne6 28. g4 Nfd4 29. Re5 c6 30. Ne4 Rb8 31. h4 Ne2 32. f5 N6f4 33. g5 hxg5 34. hxg5 Nh5 35. Nd6+ Kf8 36. Ke3 Ng1 37. Re4 Nh3 38. Rh4 N3f4 39. Kf3 g6 40. Bxf4 Nxf4 41. Kxf4 d2 42. Rh1 d1=Q 43. Rxd1 1-0